 Dungeon Crawl Stone Soup version 0.19-a0-1697-g0595f0e (webtiles) character file.

15636 dvd the Tainter (level 12, -6/62 HPs)
             Began as an Octopode Venom Mage on Sept 26, 2016.
             Was a Priest of Dithmenos.
             Mangled by an eight-headed hydra (16 damage)
             ... on level 1 of the Lair of Beasts.
             The game lasted 01:06:46 (14909 turns).

dvd the Tainter (Octopode Venom Mage)              Turns: 14909, Time: 01:06:50

Health: -6/62      AC:  3    Str:  7    XL:     12   Next: 29%
Magic:  16/25      EV: 20    Int: 23    God:    Dithmenos [***...]
Gold:   749        SH:  8    Dex: 22    Spells: 4 memorised, 14 levels left

rFire  . . .     SeeInvis +     c - +1 flail (protect)
rCold  + . .     Gourm    .     S - +2 buckler of Baczou {rElec Int+2}
rNeg   . . .     Faith    .     (helmet restricted)
rPois  .         Spirit   .     V - amulet of dismissal
rElec  +         Dismiss  +     o - ring of wizardry
rCorr  .         Reflect  .     P - +2 ring of dexterity (curse)
MR     +....     Harm     .     t - +2 ring of evasion
Stlth  +++++++++.               A - ring of protection from magic
                                D - ring of wizardry
                                F - +4 ring of dexterity
                                J - ring of see invisible
                                K - ring of protection from cold

@: wreathed by umbra
A: almost no armour, stealthy swim, amphibious, 8 rings, constrict 8, antennae
1, rugged brown scales 1, camouflage 1, agile 1, frail 2, screaming 1, wild
magic 1, gelatinous body 1, evolution 1
a: Shadow Step, Renounce Religion


You were on level 1 of the Lair of Beasts.
You worshipped Dithmenos.
Dithmenos was most pleased with you.
You were near starving.

You visited 3 branches of the dungeon, and saw 14 of its levels.
You also visited: Ossuary.

You collected 749 gold pieces.

Inventory:

Hand Weapons
 a - a +2 dagger of electrocution
 b - a +2 mace of crushing
 c - a +1 flail of protection (weapon)
 d - a +0 mace of holy wrath
 s - a +0 hand axe of venom
 B - a +0 dagger of draining
 I - a +2 dagger of venom
 X - a +2 war axe
Armour
 S - the +2 buckler of Baczou (worn) {rElec Int+2}
   (You acquired it on level 11 of the Dungeon)

   It affects your intelligence (+2).
   It insulates you from electricity.
Magical Staves
 r - an uncursed staff of poison
Jewellery
 o - a ring of wizardry (left tentacle)
 q - an uncursed ring of protection from cold
 t - a +2 ring of evasion (on tentacle)
 A - a ring of protection from magic (on tentacle)
 D - a ring of wizardry (on tentacle)
 F - a +4 ring of dexterity (on tentacle)
 J - a ring of see invisible (on tentacle)
 K - a ring of protection from cold (on tentacle)
 L - the ring "Gustikh" {*Tele rN+}
   (You found it on level 9 of the Dungeon)

   [ring of teleportation]

   It may teleport you next to monsters.
   It protects you from negative energy.
 P - a cursed +2 ring of dexterity (right tentacle)
 V - an amulet of dismissal (around mantle)
Wands
 e - a wand of enslavement (15/24)
 f - a wand of paralysis (9/24)
 l - a wand of digging (17/24)
 m - a wand of iceblast (12/15)
 u - a wand of enslavement (19/24)
 G - a wand of polymorph (8/24)
 M - a wand of confusion (16/48)
 N - a wand of teleportation (3/9)
 O - a wand of iceblast (0/15)
 R - a wand of disintegration (4/24)
Scrolls
 h - 6 scrolls of identify
 i - 5 scrolls of teleportation
 k - 2 scrolls of recharging
 p - 6 scrolls of remove curse
 x - a scroll of fog
 y - 2 scrolls of fear
 T - a scroll of blinking
 W - 2 scrolls of magic mapping
Potions
 n - a potion of heal wounds
 w - 7 potions of curing
 E - a potion of might
 Q - a potion of agility
Books
 v - a book of Ice

   Spells                             Type                      Level
   a - Ice Form                       Ice/Transmutation            4
   b - Metabolic Englaciation         Hexes/Ice                    5
   c - Ozocubu's Refrigeration        Ice                          6
   d - Bolt of Cold                   Conjuration/Ice              6
   e - Freezing Cloud                 Conjuration/Ice/Air          6
   f - Simulacrum                     Ice/Necromancy               6
 H - a Young Poisoner's Handbook

   Spells                             Type                      Level
   a - Sting                          Conjuration/Poison           1
   b - Mephitic Cloud                 Conjuration/Poison/Air       3
   c - Olgreb's Toxic Radiance        Poison                       4
   d - Alistair's Intoxication        Transmutation/Poison         5
   e - Venom Bolt                     Conjuration/Poison           5
Comestibles
 g - 4 meat rations
 j - 2 fruits
 z - 7 beef jerkies
 C - 9 bread rations


   Skills:
 + Level 4.5 Fighting
 + Level 4.4 Short Blades
 + Level 1.2(3.9) Axes
 + Level 5.9(6.0) Maces & Flails
 + Level 5.4 Dodging
 + Level 9.8 Stealth
 + Level 4.0 Shields
 + Level 9.2 Spellcasting
 + Level 3.1 Conjurations
 + Level 1.5 Transmutations
 + Level 12.8 Poison Magic
 + Level 2.3 Evocations


You had 14 spell levels left.
You knew the following spells:

 Your Spells              Type           Power        Failure   Level  Hunger
a - Sting                 Conj/Pois      ####         1%          1    None
b - Olgreb's Toxic Radia  Pois           ######..     1%          4    ##.....
c - Venom Bolt            Conj/Pois      ######....   4%          5    ####...
d - Alistair's Intoxicat  Tmut/Pois      ######..     4%          5    ####...


Dungeon Overview and Level Annotations

Branches:
Dungeon (12/15)            Temple (1/1) D:5            Lair (1/6) D:8
    Orc (0/2) D:12

Altars:
Ashenzari
Cheibriados
Dithmenos
Elyvilon
Fedhas
Gozag
Hepliaklqana
Kikubaaqudgha
Makhleb
Nemelex Xobeh
Okawaru
Qazlal
Ru
Sif Muna
Trog
Uskayaw
Vehumet
Xom
Yredelemnul
Zin
The Shining One

Shops:
D:9 (


Innate Abilities, Weirdness & Mutations

You cannot wear most types of armour.
You are very stealthy in the water.
You are amphibious.
You can wear up to eight rings at the same time.
You can use your tentacles to constrict eight enemies at once.
Your skin changes colour to match your surroundings (Stealth+).
Your rubbery body absorbs attacks. (AC +1, EV +1)
You have a pair of small antennae on your head.
You are partially covered in rugged brown scales. (AC +1, +3% HP)
You are agile. (Dex +2)
You are very frail. (-20% HP)
You occasionally shout uncontrollably at your foes.
Your spells are a little harder to cast, but a little more powerful.
You evolve.


Message History

Aiming: Venom Bolt
Press: ? - help, Shift-Dir - straight line, f/p - eight-headed hydra
Aim: an eight-headed hydra (moderately wounded, umbra)
The bolt of poison misses the eight-headed hydra.
The eight-headed hydra misses you.
You block the eight-headed hydra's attack. x3
The eight-headed hydra completely misses you.
The eight-headed hydra bites you!! The eight-headed hydra bites you!
The eight-headed hydra misses you.
Unknown command.
You are near starving!
You see here 24 stones.
You block the eight-headed hydra's attack.
The eight-headed hydra barely misses you.
The eight-headed hydra bites you!
The eight-headed hydra closely misses you.
The eight-headed hydra bites you!
* * * LOW HITPOINT WARNING * * *
The eight-headed hydra misses you. The eight-headed hydra bites you!
You die...

....##
........####.....###.#.
.....#
#.......................
....##
.......................
....#
.##.>..............(...
....#
.......................
....#..
.###P..................
.......
###.................
......#
##.D##P.#####P.P#..
....### #.@####.#
##..### ....# ##.P#...#
##.## ....# #..##.##
##.## ....## #.##..#
#..# .....## ##.#P..#
##.. ......## .#
#..##.## #.. #......##
.# #......# ##.
.#......##.# ##.#..## #.
###........# #...## #.


You could see an eight-headed hydra.

Vanquished Creatures
  The ghost of st0uf the Fighter, a journeyman DsFi of Qazlal (D:11)
  2 hydras
  2 unseen horrors
  Pikel (D:8)
  3 hill giants (D:10)
  2 manticores
  An ugly thing (D:12)
  A gargoyle (D:10)
  2 spiny frogs (Lair:1)
  A komodo dragon (Lair:1)
  A troll (D:10)
  2 hippogriffs
  12 yaks
  A hungry ghost (D:7)
  A vampire (D:12)
  A soldier ant (D:12)
  Edmund (D:6)
  A slave (D:8)
  3 sky beasts
  An ice beast (D:7)
  A necrophage (D:7)
  7 orc warriors
  An ogre (D:7)
  3 phantoms
  4 wolves (Lair:1)
  5 centaurs (D:7)
  2 crocodiles
  2 big kobolds (D:11)
  15 bullfrogs
  A wyvern zombie (D:11)
  A scorpion (D:9)
  2 howler monkeys
  6 wights
  3 electric eels (D:9)
  5 crimson imps
  A bullfrog zombie (D:9)
  A gnoll shaman (D:9)
  4 hounds
  2 centaur skeletons
  7 orc priests
  9 orc wizards
  3 iguanas
  9 worker ants
  A howler monkey zombie (D:10)
  3 worker ant zombies
  7 gnolls
  16 adders
  6 river rats (Lair:1)
  2 shadow imps
  2 oozes
  3 adder skeletons
  A worm (D:2)
  3 dart slugs
  9 leopard geckos
  34 orcs
  7 bats
  7 giant cockroaches
  4 goblins (D:1)
  9 hobgoblins
  13 jackals
  15 kobolds
  A quokka (D:5)
  2 ball pythons
  2 frilled lizards
  A goblin zombie (D:6)
  A jackal skeleton (D:4)
  A quokka skeleton (D:5)
  6 rats
  A rat zombie (D:6)
291 creatures vanquished.

Vanquished Creatures (others)
  4 jackals (D:8)
  3 fungi (Lair:1)
  A plant (Lair:1)
8 creatures vanquished.

Grand Total: 299 creatures vanquished

Notes
Turn   | Place    | Note
-------+----------+-------------------------------------------
     0 | D:1      | dvd the Octopode Venom Mage began the quest for the Orb.
     0 | D:1      | Reached XP level 1. HP: 11/11 MP: 3/3
    91 | D:1      | Reached skill level 5 in Poison Magic
   198 | D:1      | Reached XP level 2. HP: 10/17 MP: 1/5
   900 | D:1      | Reached XP level 3. HP: 21/21 MP: 4/6
  1441 | D:2      | Reached XP level 4. HP: 27/27 MP: 4/7
  1450 | D:2      | Learned a level 4 spell: Olgreb's Toxic Radiance
  1485 | D:2      | Reached skill level 1 in Conjurations
  1966 | D:3      | Found a shadowy altar of Dithmenos.
  1997 | D:3      | Reached XP level 5. HP: 30/31 MP: 5/8
  2060 | D:3      | Became a worshipper of Dithmenos the Shadowed
  2642 | D:4      | Found a hide-covered altar of Uskayaw.
  2650 | D:4      | Noticed a dagger
  2650 | D:4      | Noticed a hand axe
  2676 | D:4      | Reached skill level 6 in Poison Magic
  3013 | D:4      | Found a basalt altar of Yredelemnul.
  3093 | D:4      | Found a glowing golden altar of the Shining One.
  3311 | D:4      | Reached XP level 6. HP: 36/36 MP: 4/10
  3411 | D:5      | Entered Level 5 of the Dungeon
  3552 | D:5      | Found a stormy altar of Qazlal.
  3687 | D:5      | Found a shimmering altar of Xom.
  3748 | D:5      | Reached * piety under Dithmenos
  3941 | D:5      | Found a blossoming altar of Fedhas.
  3941 | D:5      | Noticed a phantom
  3965 | D:5      | Killed a phantom
  3965 | D:5      | Reached skill level 1 in Short Blades
  4065 | D:5      | Found a staircase to the Ecumenical Temple.
  4074 | Temple   | Entered the Ecumenical Temple
  4535 | D:6      | Reached XP level 7. HP: 41/41 MP: 12/12
  4642 | D:6      | Reached skill level 5 in Stealth
  4918 | D:6      | Found a sand-covered staircase.
  4981 | Ossuary  | Entered an ossuary
  5333 | D:6      | Reached skill level 7 in Poison Magic
  5577 | D:6      | Noticed Edmund
  5591 | D:6      | Killed Edmund
  5728 | D:6      | Reached XP level 8. HP: 47/47 MP: 14/14
  5737 | D:6      | Reached skill level 1 in Fighting
  5770 | D:6      | Learned a level 5 spell: Venom Bolt
  5978 | D:7      | Reached skill level 1 in Axes
  6136 | D:7      | Reached skill level 1 in Maces & Flails
  6136 | D:7      | Reached skill level 8 in Poison Magic
  6313 | D:7      | Reached skill level 5 in Spellcasting
  6319 | D:7      | Reached ** piety under Dithmenos
  6471 | D:7      | Gained mutation: You are frail. (-10% HP) [potion of mutation]
  6471 | D:7      | Gained mutation: You occasionally shout uncontrollably at your foes. [potion of mutation]
  6690 | D:7      | Reached XP level 9. HP: 48/48 MP: 16/16
  6742 | D:7      | Reached skill level 9 in Poison Magic
  7267 | D:7      | Learned a level 5 spell: Alistair's Intoxication
  7675 | D:8      | Found a sparkling altar of Nemelex Xobeh.
  7688 | D:8      | Found a radiant altar of Vehumet.
  7693 | D:8      | Found an ancient bone altar of Kikubaaqudgha.
  7723 | D:8      | Noticed Pikel
  7731 | D:8      | Killed Pikel
  8025 | D:8      | Found a staircase to the Lair.
  8094 | D:8      | Reached XP level 10. HP: 56/56 MP: 9/19
  8189 | D:8      | Found a white marble altar of Elyvilon.
  8311 | D:8      | Found a snail-covered altar of Cheibriados.
  8463 | D:8      | Reached skill level 10 in Poison Magic
  8539 | D:8      | Reached skill level 1 in Evocations
  9097 | D:9      | Gained mutation: You are very frail. (-20% HP) [potion of mutation]
  9097 | D:9      | Gained mutation: Your spells are a little harder to cast, but a little more powerful. [potion of mutation]
  9097 | D:9      | Gained mutation: Your flesh is heat resistant. (rF+) [potion of mutation]
  9098 | D:9      | Gained mutation: You are partially covered in rugged brown scales. (AC +1, +3% HP) [potion of mutation]
  9098 | D:9      | Lost mutation: Your flesh is heat resistant. (rF+) [potion of mutation]
  9098 | D:9      | Gained mutation: You evolve. [potion of mutation]
  9176 | D:9      | Got a crude amber ring
  9178 | D:9      | Identified the ring "Gustikh" {*Tele rN+} (You found it on level 9 of the Dungeon)
  9259 | D:9      | Reached *** piety under Dithmenos
  9450 | D:9      | Found Ageluda Vahi's Antique Weapon Emporium.
  9854 | D:9      | You fall through a shaft for 3 floors!
 10004 | D:12     | Noticed a brown ugly thing
 10010 | D:12     | Killed a brown ugly thing
 10199 | D:12     | Gained mutation: You have a pair of small antennae on your head. [mutagenic meat]
 10241 | D:12     | Noticed a manticore
 10251 | D:12     | Killed a manticore
 10254 | D:12     | Noticed a gargoyle
 10392 | D:12     | Found a staircase to the Orcish Mines.
 10725 | D:11     | Identified a scroll of acquirement
 10726 | D:11     | Got a faintly humming buckler
 10732 | D:11     | Identified the +2 buckler of Baczou {rElec Int+2} (You acquired it on level 11 of the Dungeon)
 10888 | D:10     | Entered Level 10 of the Dungeon
 10923 | D:10     | Reached skill level 11 in Poison Magic
 11085 | D:10     | Reached **** piety under Dithmenos
 11137 | D:10     | Reached XP level 11. HP: 46/57 MP: 17/22
 11780 | D:10     | Noticed a hill giant
 11850 | D:10     | Killed a hill giant
 11850 | D:10     | Reached skill level 5 in Maces & Flails
 12022 | D:10     | Noticed a hill giant
 12027 | D:10     | Noticed a hill giant
 12034 | D:10     | Killed a hill giant
 12034 | D:10     | Reached skill level 1 in Transmutations
 12045 | D:10     | Killed a hill giant
 12156 | D:10     | Noticed an unseen horror
 12164 | D:10     | Killed an unseen horror
 12241 | D:10     | Reached skill level 1 in Shields
 12400 | D:11     | Noticed an unseen horror
 12405 | D:11     | Killed an unseen horror
 12450 | D:11     | Gained mutation: You are agile. (Dex +2) [evolution]
 12474 | D:11     | Noticed a manticore
 12478 | D:11     | Killed a manticore
 12531 | D:11     | Reached skill level 12 in Poison Magic
 12832 | D:11     | Noticed a five-headed hydra
 12834 | D:11     | Found a shattered altar of Ashenzari.
 12973 | D:11     | Noticed st0uf's ghost (journeyman DsFi)
 12991 | D:11     | Killed st0uf's ghost
 12991 | D:11     | Reached skill level 5 in Dodging
 13323 | D:11     | Killed a five-headed hydra
 13420 | Lair:1   | Entered Level 1 of the Lair of Beasts
 13432 | Lair:1   | Reached XP level 12. HP: 29/62 MP: 13/24
 14327 | Lair:1   | Noticed a five-headed hydra
 14341 | Lair:1   | Killed a five-headed hydra
 14604 | Lair:1   | Noticed an eight-headed hydra
 14909 | Lair:1   | Mangled by an eight-headed hydra

Vault maps used:
D:1:      elethiomel_arrival_infinity_welcomes_careful_drivers,
          minmay_liquid_box
D:3:      first_bread, nicolae_dithmenos_shadow_blocks
D:4:      yredelemnul_altar_generic, dancing_weapons_uskayaw,
          lemuel_doored_altar
D:5:      kennysheep_little_box, brannock_xom_greatest_gift, grunt_qazlal_clouds
D:6:      enter_ossuary_4, uniq_edmund
D:7:      kennysheep_windowed_halls, grunt_ogre_cave
D:8:      old_standard_altar, lemuel_crystal_altar,
          nemelex_xobeh_ov_fountains_minmay, grunt_temple_overflow_open,
          uniq_pikel
D:9:      serial_shops, kennysheep_mini
D:11:     basic_altar
D:12:     nicolae_whirlpool, david_orc_2, serial_shops, nicolae_shop_waterfront
Temple:   grunt_temple_mini_profane
Lair:1:   serial_bayou_shore_a
Ossuary:  ossuary_minmay_tomb_2a

Skill      XL: |  1  2  3  4  5  6  7  8  9 10 11 12 |
---------------+-------------------------------------+-----
Poison Magic   | 5 6 7 8 9 11 12 | 12.8
Stealth        | 3 4 5 6 7 8 9 |  9.8
Conjurations   | 1 2 3 |  3.1
Spellcasting   | 3 4 5 6 7 8 9 |  9.2
Short Blades   | 1 2 3 4 |  4.4
Dodging        | 3 4 5 |  5.4
Fighting       | 2 3 4 |  4.5
Axes           | 1 |  1.2
Maces & Flails | 2 3 4 5 |  5.9
Evocations     | 1 2 |  2.3
Transmutations | 1 |  1.5
Shields        | 3 4 |  4.0

Action                   |  1- 3 |  4- 6 |  7- 9 | 10-12 || total
-------------------------+-------+-------+-------+-------++-------
Melee: Constrict         |     5 |    16 |    19 |    38 ||    78
       Tentacles         |     2 |    13 |    23 |    47 ||    85
       Unarmed           |     1 |       |       |       ||     1
       Dagger            |    15 |    82 |   104 |    52 ||   253
       Hand axe          |     1 |       |       |       ||     1
       War axe           |       |       |     5 |       ||     5
       Dire flail        |       |       |    64 |     8 ||    72
       Mace              |       |       |     5 |    77 ||    82
       Flail             |       |       |       |    50 ||    50
 Cast: Sting             |    52 |    30 |    11 |     8 ||   101
       Olgreb's Toxic Ra |       |    13 |    26 |    63 ||   102
       Venom Bolt        |       |       |     5 |    23 ||    28
       Alistair's Intoxi |       |       |       |     6 ||     6
Invok: Shadow Step       |       |       |       |     5 ||     5
Evoke: Wand              |       |     3 |     3 |    28 ||    34
  Use: Scroll            |       |     6 |     4 |    14 ||    24
       Potion            |       |       |    11 |     6 ||    17
 Stab: Sleeping          |     5 |     5 |    12 |    14 ||    36
       Paralysed         |       |     2 |     1 |       ||     3
       Confused          |       |       |       |     3 ||     3
  Eat: Chunk             |     2 |    11 |    20 |    27 ||    60
       Beef jerky        |       |       |     1 |     2 ||     3
       Meat ration       |       |       |     1 |       ||     1
       Bread ration      |       |       |     1 |       ||     1
       Fruit             |       |       |       |     1 ||     1
       Pizza             |       |       |       |     2 ||     2
Armor: Skin              |     3 |     7 |    19 |    13 ||    42
Dodge: Dodged            |    10 |    55 |   121 |   174 ||   360
Block: Buckler           |       |       |       |    54 ||    54
